 Dungeon Crawl Stone Soup version bcrawl-1.21.2-1-g32d02e0829 (webtiles) character file.

Game seed: 3320029989101869812

478 Mrkan the Cudgeler (level 6, -7/56 HPs)
             Began as a Minotaur Fighter on Feb 19, 2020.
             Was a Follower of Wu Jian.
             Mangled by a white ugly thing (29 damage)
             ... on level 5 of the Dungeon.
             The game lasted 00:02:54 (3030 turns).

Mrkan the Cudgeler (Minotaur Fighter)               Turns: 3030, Time: 00:02:55

Health: -7/56      AC: 11    Str: 20    XL:     6   Next: 86%
Magic:  5/5        EV:  5    Int:  5    God:    Wu Jian [*.....]
Gold:   164        SH: 10    Dex: 12    Spells: 5/5 levels left

rFire    . . .     SeeInvis .   a - +0 flail
rCold    . . .     Gourm    .   c - +0 shield
rNeg     . . .     Faith    .   m - +0 chain mail
rPois    .         Spirit   .   (helmet restricted)
rElec    .         Reflect  .   r - +0 cloak (curse)
rCorr    .         Harm     .   (no gloves)
MR       .....                  (no boots)
Stlth    ..........             l - amulet of magic regeneration
HPRegen  0.18/turn              (no ring)
MPRegen  0.34/turn              (no ring)

@: marked
A: retaliatory headbutt, horns 2
a: Wall Jump, Renounce Religion


You were on level 5 of the Dungeon.
You worshipped Wu Jian.
Wu Jian was aware of your devotion.
You were not hungry.

You visited 1 branch of the dungeon, and saw 5 of its levels.

You collected 164 gold pieces.

Inventory:

Hand Weapons
 a - a +0 flail (weapon)
Armour
 c - a +0 shield (worn)
 m - a +0 chain mail (worn)
 r - a cursed +0 cloak (worn)
Jewellery
 l - an amulet of magic regeneration (around neck)
 q - a +4 ring of intelligence {unknown}
 t - an uncursed amulet of the acrobat {unknown}
Wands
 b - a wand of disintegration (15)
Scrolls
 f - 7 scrolls of identify {unknown}
 g - 6 scrolls of teleportation {unknown}
 j - 2 scrolls of enchant armour {unknown}
 k - a scroll of blinking {unknown}
 s - a scroll of remove curse {unknown}
 u - 2 scrolls of enchant weapon {unknown}
Potions
 d - 2 potions of might
 h - 2 potions of heal wounds {unknown}
 i - a potion of degeneration {unknown}
 n - a potion of flight {unknown}
 o - 3 potions of brilliance {unknown}
 p - a potion of cancellation {unknown}
Comestibles
 e - 6 rations {!d}
 v - 2 chunks of flesh


   Skills:
 + Level 5.2 Fighting
 * Level 5.9 Maces & Flails
 + Level 5.3 Armour
 + Level 5.2 Shields


You had 5 spell levels left.
You didn't know any spells.
Your spell library was empty.

Dungeon Overview and Level Annotations

Branches:
Dungeon (5/12)
 Temple: D:4-7

Altars:
Qazlal
Wu Jian

Annotations:
D:3 2 runed translucent doors, Quickbrownfox's ghost, amateur DsCK


Innate Abilities, Weirdness & Mutations

You reflexively headbutt those who attack you in melee.
You have a pair of horns on your head.


Message History

There are monsters nearby!
The hippogriff screeches!
You spin and attack the white ugly thing.
You hit the white ugly thing.
The white ugly thing is lightly wounded.
The white ugly thing engulfs you. The white ugly thing freezes you!!
You see here a leather armour.
The white ugly thing engulfs you but does no damage.
Really walk onto that alarm trap?
The alarm trap emits a blaring wail!
A sentinel's mark forms upon you.
You hear a loud, deep croak!
You hear a shout! x2; You hear an angry hiss.
You hear a shout! x4
There are monsters nearby!
Found 110 stones.
Found a stone staircase leading up.
There is a stone staircase leading up here.
The white ugly thing engulfs you! The white ugly thing freezes you!!
Ouch! That really hurt!
You die...

..# #... ##.## ##... ##
... #......# #.# #....#.#
### ######.#######....#.#
..# ##..............#....#
#.###...####[#.......##<.#
......#.# #.#...#........#
#.###...#
#.#..@....$......# #.#
##### #H#.u...........#.#
..# #.#H.##.#..#....# .#
### #...............# .
####.##.#.......#
#(##.......#.# #.# ... ###
<.


You could see a white ugly thing and a hippogriff.

Vanquished Creatures
  A sky beast (D:3)
  A scorpion (D:4)
  A killer bee (D:4)
  A howler monkey (D:4)
  A hound (D:4)
  An orc priest (D:3)
  Jessica (D:2)
  A bullfrog skeleton (D:4)
  2 worker ants (D:4)
  Robin (D:3)
  An adder (D:3)
  2 oozes
  A worm (D:2)
  3 dart slugs
  3 leopard geckos
  4 orcs
  3 bats
  2 giant cockroaches (D:1)
  7 goblins
  7 hobgoblins
  3 jackals (D:4)
  2 quokkas
  A frilled lizard (D:2)
  8 kobolds
  4 rats
62 creatures vanquished.

Notes
Turn   | Place    | Note
-------+----------+-------------------------------------------
     0 | D:1      | Mrkan the Minotaur Fighter began the quest for the Orb.
     0 | D:1      | Reached XP level 1. HP: 19/19 MP: 0/0
    88 | D:1      | Reached XP level 2. HP: 27/27 MP: 1/1
   544 | D:2      | Reached XP level 3. HP: 30/33 MP: 2/2
   707 | D:2      | Found an ornate altar of the Wu Jian Council.
   720 | D:2      | Became a worshipper of the Wu Jian Council
  1144 | D:2      | Found a stormy altar of Qazlal.
  1195 | D:2      | Noticed Jessica
  1201 | D:2      | Killed Jessica
  1201 | D:2      | Reached XP level 4. HP: 40/40 MP: 3/3
  1449 | D:3      | Noticed Robin
  1457 | D:3      | Killed Robin
  1596 | D:3      | Found a runed translucent door.
  1601 | D:3      | Noticed Quickbrownfox's ghost (amateur DsCK)
  1644 | D:3      | Reached XP level 5. HP: 23/47 MP: 4/4
  1899 | D:3      | Noticed a sky beast
  1903 | D:3      | Killed a sky beast
  2067 | D:3      | Found a runed translucent door.
  2087 | D:3      | Reached skill level 5 in Maces & Flails
  2301 | D:4      | Reached skill level 5 in Armour
  2301 | D:4      | Reached XP level 6. HP: 38/55 MP: 5/5
  2666 | D:4      | Reached * piety under Wu Jian
  2694 | D:4      | Reached skill level 5 in Fighting
  2694 | D:4      | Reached skill level 5 in Shields
  2995 | D:5      | Entered Level 5 of the Dungeon
  3013 | D:5      | Noticed a white ugly thing
  3013 | D:5      | Noticed a hippogriff
  3030 | D:5      | Mangled by a white ugly thing

Skill      XL: |  1  2  3  4  5  6 |
---------------+-------------------+-----
Maces & Flails | 3 4 5 |  5.9
Armour         | 4 5 |  5.3
Fighting       | 4 5 |  5.2
Shields        | 4 5 |  5.2

Action                   |  1- 3 |  4- 6 || total
-------------------------+-------+-------++-------
Melee: Flail             |    74 |    86 ||   160
       Headbutt          |    12 |    16 ||    28
Invok: Lunge             |     2 |     7 ||     9
       Whirlwind         |     1 |    10 ||    11
  Eat: Chunk             |       |     7 ||     7
Armor: Scale mail        |    30 |       ||    30
       Chain mail        |     1 |    42 ||    43
Dodge: Dodged            |    20 |    16 ||    36
Block: Shield            |    38 |    33 ||    71
